 Dungeon Crawl Stone Soup version 0.26-a0-259-g1effd001a9 (webtiles) character file.

Game seed: 9167169131336755619

2025 Klosterheim the Chiller (level 9, 0/56 HPs)
             Began as an Octopode Ice Elementalist on July 28, 2020.
             Was a Follower of Nemelex Xobeh.
             Slain by a wyvern skeleton (12 damage)
             ... on level 7 of the Dungeon.
             The game lasted 00:31:00 (9911 turns).

Klosterheim the Chiller (Octopode Ice Elementalist) Turns: 9911, Time: 00:31:00

Health: 0/56       AC:  1    Str:  7    XL:     9   Next: 23%
Magic:  8/16       EV: 15    Int: 21    God:    Nemelex Xobeh [*.....]
Gold:   321        SH:  5    Dex: 12    Spells: 3/17 levels left

rFire    + . .     SeeInvis .   d - +2 spear (freeze)
rCold    . . .     Faith    .   (no shield)
rNeg     . . .     Spirit   .   (helmet restricted)
rPois    .         Reflect  +   l - amulet of reflection
rElec    .         Harm     .   k - ring of protection from fire
rCorr    .                      (no ring)
MR       .....                  (no ring)
Stlth    ++++......             (no ring)
HPRegen  0.18/turn              (no ring)
MPRegen  0.15/turn              (no ring)
                                (no ring)
                                (no ring)

@: very slightly contaminated
A: almost no armour, stealthy swim, amphibious, 8 rings, constrict 8, camouflage
1, gelatinous body 1
a: Draw Escape, Draw Destruction, Draw Summoning, Renounce Religion


You were on level 7 of the Dungeon.
You worshipped Nemelex Xobeh.
Nemelex Xobeh was aware of your devotion.
You were not hungry.

You visited 2 branches of the dungeon, and saw 8 of its levels.

You collected 321 gold pieces.

Inventory:

Hand Weapons
 d - a +2 spear of freezing (weapon)
Jewellery
 k - a ring of protection from fire (left tentacle)
 l - an amulet of reflection (around mantle)
Wands
 e - a wand of iceblast (11)
 t - a wand of disintegration (10)
 u - a wand of polymorph (5)
Scrolls
 a - 2 scrolls of enchant armour
 c - 2 scrolls of teleportation
 h - 2 scrolls of blinking
 j - 2 scrolls of identify
 q - 2 scrolls of enchant weapon
 r - a scroll of fear
 s - a scroll of fog
Potions
 b - a potion of heal wounds
 f - a potion of degeneration
 g - a potion of haste
 i - a potion of resistance {unknown}
 m - a potion of brilliance {unknown}
 n - 2 potions of mutation {unknown}
 p - 5 potions of curing
Comestibles
 o - 14 rations


   Skills:
 - Level 3.0 Fighting
 - Level 2.0 Polearms
 + Level 4.8 Dodging
 - Level 5.0 Stealth
 + Level 4.6 Spellcasting
 + Level 4.7 Conjurations
 + Level 4.3 Summonings
 + Level 0.1 Translocations
 + Level 6.5 Ice Magic


You had 3 spell levels left.
You knew the following spells:

 Your Spells              Type           Power        Failure   Level
a - Freeze                Ice            ####         1%          1
b - Frozen Ramparts       Ice            ####..       2%          3
c - Hailstorm             Conj/Ice       ####....     11%         4
d - Summon Ice Beast      Ice/Summ       ####....     12%         4
e - Blink                 Tloc           N/A          16%         2

Your spell library contained the following spells:

 Spells                   Type           Power        Failure   Level
 Magic Dart               Conj           ###.         1%          1
 Call Imp                 Summ           ###.....     2%          2
 Ozocubu's Armour         Chrm/Ice       ###.....     9%          3
 Conjure Flame            Conj/Fire      ##......     13%         3
 Slow                     Hex            #.......     17%         2
 Mephitic Cloud           Conj/Pois/Air  ##......     17%         3


Dungeon Overview and Level Annotations

Branches:
Dungeon (7/15)             Temple (1/1) D:5

Altars:
Ashenzari
Cheibriados
Dithmenos
Elyvilon
Fedhas
Gozag
Hepliaklqana
Kikubaaqudgha
Makhleb
Nemelex Xobeh
Okawaru
Qazlal
Ru
Sif Muna
Trog
Vehumet
Wu Jian
Xom
Yredelemnul
Zin
The Shining One

Shops:
D:4 (


Innate Abilities, Weirdness & Mutations

You cannot wear most types of armour.
You are very stealthy in the water. (Stealth+)
You are amphibious.
You can wear up to eight rings at the same time.
You can use your tentacles to constrict eight enemies at once.
Your skin changes colour to match your surroundings (Stealth+).
Your rubbery body absorbs attacks. (AC +1, EV +1)


Message History

The wyvern skeleton misses you.
You hit the wyvern skeleton.
The wyvern skeleton is heavily damaged.
The wyvern skeleton misses you.
You puncture the wyvern skeleton!
The wyvern skeleton is severely damaged.
The wyvern skeleton bites you!
* * * LOW HITPOINT WARNING * * *
The wyvern skeleton misses you.
Casting: Freeze (safe; 1% risk of failure)
Confirm with . or Enter, or press ? or * to list all spells.
You miscast Summon Ice Beast.
You are very lightly contaminated with residual magic.
Nothing appears to happen.
The wyvern skeleton barely misses you.
Casting: Summon Ice Beast (dangerous; 12% risk of failure)
Confirm with . or Enter, or press ? or * to list all spells.
You miscast Summon Ice Beast.
Nothing appears to happen.
The wyvern skeleton bites you!
You die...
Your body disappears without a glow.

.....###..........#.#......#
# #.####
#.......##.#.#############
#.# #.......##.#.#
#.....)).). #.#
##########.#.# #.#########
#.# #.#.# #.# #... #.# #.#.#
#.# ###.## ..# ..#.# #.#
#...# ### #.####.#.# #.#
#<### #...Z@.#.# #.# #.#
######.#.# #.# #.# #.#.# #.#
#.# #.#.# #.# #.#### #.#.#
#.# #..... #.#.###.# ######
#.#.....# #.####### #.#
#######


You could see a wyvern skeleton.

Vanquished Creatures
  Duvessa (D:7)
  An orc warrior (D:7)
  A sky beast (D:5)
  3 ogres
  4 centaurs
  A big kobold (D:7)
  2 bullfrogs
  3 scorpions
  Dowan (D:7)
  A bullfrog zombie (D:7)
  A gnoll shaman (D:6)
  2 jellies
  A centaur skeleton (D:7)
  2 orc priests
  An iguana (D:6)
  2 orc wizards (D:5)
  Natasha (thrice) (D:4)
  6 worker ants
  A worker ant zombie (D:5)
  A hound skeleton (D:7)
  11 adders
  4 gnolls (D:6)
  3 white imps (D:5)
  An ufetubus (D:6)
  An ooze (D:7)
  A worm (D:3)
  3 dart slugs
  3 leopard geckos
  8 orcs
  3 giant cockroaches
  3 goblins
  9 hobgoblins
  14 jackals
  5 quokkas
  A ball python (D:1)
  7 bats
  2 frilled lizards
  12 kobolds
  5 rats
134 creatures vanquished.

Vanquished Creatures (others)
  A kobold (D:7)
1 creature vanquished.

Grand Total: 135 creatures vanquished

Notes
Turn   | Place    | Note
-------+----------+-------------------------------------------
     0 | D:1      | Klosterheim the Octopode Ice Elementalist began the quest
                  | for the Orb.
     0 | D:1      | Reached XP level 1. HP: 11/11 MP: 3/3
   628 | D:1      | Reached XP level 2. HP: 17/17 MP: 5/5
  1316 | D:2      | Reached XP level 3. HP: 22/22 MP: 6/6
  1573 | D:2      | Reached skill level 5 in Ice Magic
  1928 | D:3      | Reached skill level 1 in Fighting
  1979 | D:3      | Reached skill level 1 in Polearms
  1979 | D:3      | Reached XP level 4. HP: 28/28 MP: 4/7
  3255 | D:4      | You fall into a shaft and drop 2 floors!
  3278 | D:6      | Noticed a bullfrog
  3282 | D:5      | Entered Level 5 of the Dungeon
  3291 | D:5      | Reached XP level 5. HP: 26/33 MP: 6/9
  3296 | D:5      | Learned a level 3 spell: Frozen Ramparts
  3301 | D:5      | Learned a level 4 spell: Hailstorm
  3387 | D:5      | Reached skill level 1 in Conjurations
  3775 | D:4      | Noticed an ogre
  3820 | D:3      | Reached XP level 6. HP: 14/38 MP: 3/10
  4204 | D:4      | Noticed Natasha
  4210 | D:4      | Killed Natasha
  4220 | D:4      | Noticed Natasha
  4225 | D:4      | Killed Natasha
  4261 | D:4      | Noticed Natasha
  4268 | D:4      | Killed Natasha
  4268 | D:4      | Reached XP level 7. HP: 24/45 MP: 9/12
  4538 | D:4      | Found Tairikim's Antique Weapon Emporium.
  5931 | D:5      | Learned a level 4 spell: Summon Ice Beast
  6256 | D:5      | Reached skill level 5 in Stealth
  6265 | D:5      | Reached XP level 8. HP: 41/51 MP: 13/13
  6389 | D:5      | Reached skill level 6 in Ice Magic
  6606 | D:5      | Found a staircase to the Ecumenical Temple.
  6639 | Temple   | Entered the Ecumenical Temple
  6768 | Temple   | Became a worshipper of Nemelex Xobeh the Trickster
  6900 | D:5      | Received a gift from Nemelex Xobeh
  6939 | D:5      | Reached skill level 1 in Summonings
  9200 | D:7      | Noticed Dowan
  9209 | D:7      | Reached XP level 9. HP: 30/56 MP: 15/15
  9414 | D:7      | Noticed Duvessa
  9427 | D:7      | Killed Dowan
  9437 | D:7      | Killed Duvessa
  9594 | D:7      | Learned a level 2 spell: Blink
  9856 | D:7      | Reached * piety under Nemelex Xobeh
  9856 | D:7      | Received a gift from Nemelex Xobeh
  9911 | D:7      | Slain by a wyvern skeleton

Illustrated notes

Levels and vault maps discovered:
D:1:      lightli_arrival_windingriver, layout_basic
D:2:      layout_basic
D:3:      layout_loops_ring, minivault_5
D:4:      layout_rooms, first_ration, serial_shops, kennysheep_mini,
          uniq_natasha
D:5:      layout_basic, minmay_temple_entry_enclosed_plants,
          minmay_misc_feat_tiny
D:6:      layout_basic, serial_bayou, serial_bayou_ford_a, serial_bayou_pond_a,
          serial_bayou_pond_d, serial_bayou_lagoon_a, serial_bayou_lake_a,
          serial_bayou_pond_b
D:7:      layout_basic, minmay_misc_feat_secret_circle, uniq_duvessa
Temple:   kilobyte_greek_temple

Skill      XL: |  1  2  3  4  5  6  7  8  9 |
---------------+----------------------------+-----
Stealth        | 3 5 |  5.0
Ice Magic      | 5 6 |  6.5
Fighting       | 1 2 3 |  3.0
Polearms       | 1 2 |  2.0
Spellcasting   | 3 4 |  4.6
Conjurations   | 2 3 4 |  4.7
Dodging        | 3 4 |  4.8
Summonings     | 3 4 |  4.3
Translocations | |  0.1

Action                   |  1- 3 |  4- 6 |  7- 9 || total
-------------------------+-------+-------+-------++-------
Melee: Spear             |    56 |    84 |   147 ||   287
       Dagger            |     2 |       |       ||     2
       Constrict         |     8 |    14 |    21 ||    43
       Tentacles         |     3 |    10 |    24 ||    37
 Cast: Freeze            |    11 |    21 |    43 ||    75
       Frozen Ramparts   |       |     2 |    22 ||    24
       Summon Ice Beast  |       |       |     2 ||     2
  Use: Scroll            |       |    13 |     1 ||    14
       Potion            |       |     2 |       ||     2
 Stab: Sleeping          |    11 |    15 |     8 ||    34
       Distracted        |       |       |     1 ||     1
  Eat: Ration            |     2 |     1 |     5 ||     8
Armor: Skin              |     5 |     3 |     8 ||    16
Dodge: Dodged            |    26 |    29 |   137 ||   192
Block: Other             |       |     5 |    41 ||    46
       Reflection        |       |       |    11 ||    11

Table legend:
 A = Non-vault XP
 B = Vault XP
 C = Vault XP percentage of total XP
 D = Non-vault monster count
 E = Vault monster count
 F = Vault count percentage of total count
                 A         B        C        D         E       F
            +---------+---------+-------+---------+---------+-------
      Total |    2558 |     335 |  11.6 |     126 |       8 |   6.0
            +---------+---------+-------+---------+---------+-------
        D:1 |      27 |       0 |   0.0 |      16 |       0 |   0.0
        D:2 |      38 |       0 |   0.0 |      15 |       0 |   0.0
        D:3 |     145 |       0 |   0.0 |      24 |       0 |   0.0
        D:4 |     248 |      35 |  12.4 |       7 |       1 |  12.5
        D:5 |     878 |     137 |  13.5 |      29 |       3 |   9.4
        D:6 |     295 |      11 |   3.6 |      10 |       2 |  16.7
        D:7 |     927 |     152 |  14.1 |      25 |       2 |   7.4
            +---------+---------+-------+---------+---------+-------
